 Dungeon Crawl Stone Soup version 0.20.0-15-g7f486f2 (webtiles) character file.

532 Chiseanne the Magician (level 7, 33/46 HPs)
             Began as a Demonspawn Wizard on June 15, 2017.
             Quit the game on level 4 of the Dungeon.
             The game lasted 00:12:07 (5117 turns).

Chiseanne the Magician (Demonspawn Wizard)          Turns: 5117, Time: 00:12:07

Health: 33/46      AC:  5    Str:  7    XL:     7   Next: 3%
Magic:  2/15       EV: 17    Int: 21    God:
Gold:   98         SH:  4    Dex: 12    Spells: 8/17 levels left

rFire    . . .     SeeInvis .   a - +2 flail (venom)
rCold    . . .     Gourm    .   (no shield)
rNeg     . . .     Faith    .   c - +1 animal skin
rPois    .         Spirit   +   g - +0 helmet
rElec    .         Reflect  .   (no cloak)
rCorr    .         Harm     .   (no gloves)
MR       .....                  h - +0 pair of boots
Stlth    ++........             (no amulet)
Regen    0.2/turn               s - +5 ring of evasion
MPRegen  0.3/turn               f - ring of wizardry

@: mildly poisoned (33 -> 24), very slightly contaminated
A: large bone plates 1, demonic guardian 1, magic shield, magic regeneration
a: no special abilities


You were on level 4 of the Dungeon.
You were not hungry.

You visited 1 branch of the dungeon, and saw 4 of its levels.

You collected 98 gold pieces.

Inventory:

Hand Weapons
 a - a +2 flail of venom (weapon)
 t - a +0 short sword of venom
Missiles
 e - 22 sling bullets
 j - 208 stones
 p - 15 tomahawks (quivered)
 x - 49 arrows
 C - 7 curare-tipped needles
 E - 15 poisoned needles
Armour
 c - a +1 animal skin (worn)
 g - a +0 helmet (worn)
 h - a +0 pair of boots (worn)
 o - a +0 shield
Jewellery
 f - a ring of wizardry (right hand)
 k - an uncursed ring of protection from magic
 s - a +5 ring of evasion (left hand)
 v - an uncursed ring of protection from fire
Scrolls
 n - 3 scrolls of remove curse
 q - a scroll of teleportation
Potions
 l - a potion of curing
 m - 2 potions of lignification
 r - a potion of mutation
 w - a potion of flight {unknown}
 z - a potion of cancellation {unknown}
 B - a potion of agility {unknown}
Comestibles
 d - a bread ration
 i - 3 fruits
 u - a meat ration
 A - a royal jelly


   Skills:
 - Level 1.7 Dodging
 - Level 1.7 Stealth
 * Level 5.5 Spellcasting
 * Level 5.4 Conjurations
   Level 1.0 Summonings
 - Level 0.8 Translocations


You had 8 spell levels left.
You knew the following spells:

 Your Spells              Type           Power        Failure   Level  Hunger
a - Magic Dart            Conj           ####         1%          1    None
b - Blink                 Tloc           N/A          4%          2    None
c - Conjure Flame         Conj/Fire      ###.....     4%          3    ##.....
d - Mephitic Cloud        Conj/Pois/Air  ##......     6%          3    ##.....


Dungeon Overview and Level Annotations

Branches:
Dungeon (4/15)
 Temple: D:4-7

Altars:
Nemelex Xobeh
Okawaru

Annotations:
D:3 1 transporter


Innate Abilities, Weirdness & Mutations

You are partially covered in large bone plates. (SH +4)
A weak demonic guardian rushes to your aid.
When hurt, damage is shared between your health and your magic reserves.
You regenerate magic rapidly.


Message History

Confirm with . or Enter, or press ? or * to list all spells.
Aiming: Magic Dart
Press: ? - help, Shift-Dir - straight line, f/p - scorpion
Aim: a scorpion (heavily wounded)
The magic dart hits the scorpion.
The scorpion is almost dead.
You feel sick.
The scorpion stings you but does no damage.
Casting: Magic Dart
Confirm with . or Enter, or press ? or * to list all spells.
Aiming: Magic Dart
Press: ? - help, Shift-Dir - straight line, f/p - scorpion
Aim: a scorpion (almost dead)
The magic dart hits the scorpion.
You kill the scorpion!
You have reached level 7!
Your demonic ancestry asserts itself...
You feel the presence of a demonic guardian.
You feel sick. The adder completely misses you.
Are you sure you want to abandon this character and quit the game? (Confirm with "yes".)

####### .......
?...... .......
###S...... ..
##### #.@##
.##.... #...##
.......
#.#..####
.......
#.##....# #....
.. ####.##
##.##. #.#
##...#####[.[#.
#.
#..8.......8.).
#.
##...#####...##
##.## ##)##.


You could see an adder.

Vanquished Creatures
  An ogre (D:4)
  A scorpion (D:4)
  2 orc priests (D:4)
  2 orc wizards (D:4)
  Jessica (D:4)
  Natasha (thrice) (D:2)
  2 worker ants (D:4)
  Robin (D:2)
  3 adders
  An ooze (D:3)
  An adder skeleton (D:4)
  3 worms
  A dart slug (D:3)
  4 leopard geckos
  11 orcs
  10 bats
  A giant cockroach (D:3)
  11 goblins
  6 hobgoblins
  A quokka (D:4)
  A ball python (D:1)
  4 frilled lizards
  5 kobolds
  12 rats
88 creatures vanquished.

Notes
Turn   | Place    | Note
-------+----------+-------------------------------------------
     0 | D:1      | Chiseanne the Demonspawn Wizard began the quest for the Orb.
     0 | D:1      | Reached XP level 1. HP: 13/13 MP: 4/4
   403 | D:1      | Gained mutation: When hurt, damage is shared between your health and your magic reserves. [demonic ancestry]
   403 | D:1      | Reached XP level 2. HP: 19/19 MP: 3/6
  1036 | D:2      | Noticed Natasha
  1096 | D:2      | Learned a level 2 spell: Blink
  1162 | D:2      | Found an iron altar of Okawaru.
  1422 | D:2      | Noticed Robin
  1612 | D:2      | Reached XP level 3. HP: 24/24 MP: 3/7
  1713 | D:2      | Killed Natasha
  1884 | D:1      | Learned a level 3 spell: Conjure Flame
  1888 | D:1      | Learned a level 3 spell: Mephitic Cloud
  1925 | D:2      | Noticed Natasha
  2115 | D:2      | Killed Robin
  2115 | D:2      | Gained mutation: You are partially covered in large bone plates. (SH +4) [demonic ancestry]
  2115 | D:2      | Reached XP level 4. HP: 23/30 MP: 0/9
  2541 | D:2      | Killed Natasha
  2821 | D:2      | Noticed Natasha
  2824 | D:2      | Killed Natasha
  2824 | D:2      | Reached XP level 5. HP: 27/35 MP: 5/11
  3218 | D:3      | Found a transporter.
  4561 | D:4      | Noticed an ogre
  4566 | D:4      | Killed an ogre
  4566 | D:4      | Gained mutation: You regenerate magic rapidly. [demonic ancestry]
  4566 | D:4      | Reached XP level 6. HP: 41/41 MP: 4/13
  4644 | D:4      | Reached skill level 5 in Spellcasting
  4658 | D:4      | Reached skill level 5 in Conjurations
  4760 | D:4      | Noticed Jessica
  4765 | D:4      | Killed Jessica
  4770 | D:4      | Found a sparkling altar of Nemelex Xobeh.
  5116 | D:4      | Gained mutation: A weak demonic guardian rushes to your aid. [demonic ancestry]
  5116 | D:4      | Reached XP level 7. HP: 34/46 MP: 1/15
  5117 | D:4      | Quit the game

Skill      XL: |  1  2  3  4  5  6 |
---------------+-------------------+-----
Conjurations   | 2 3 4 5 |  5.4
Spellcasting   | 4 5 |  5.5
Dodging        | |  1.7
Stealth        | |  1.7
Summonings     | |  1.0
Translocations | |  0.8

Action                   |  1- 3 |  4- 6 |  7- 9 || total
-------------------------+-------+-------+-------++-------
Melee: Whip              |    47 |     8 |       ||    55
       Flail             |       |    10 |       ||    10
Throw: Tomahawk          |       |     2 |       ||     2
 Cast: Magic Dart        |    79 |   156 |     1 ||   236
       Blink             |     1 |       |       ||     1
       Mephitic Cloud    |       |     5 |       ||     5
  Use: Scroll            |    11 |     6 |       ||    17
       Potion            |     4 |       |       ||     4
  Eat: Chunk             |     2 |     9 |       ||    11
       Royal jelly       |     1 |       |       ||     1
Armor: Skin              |    71 |       |       ||    71
       Robe              |     6 |     2 |       ||     8
       Animal skin       |       |     9 |       ||     9
Dodge: Dodged            |    25 |    37 |     1 ||    63
Block: Other             |       |    10 |       ||    10
